 Dungeon Crawl Stone Soup version 0.27.1 (webtiles) character file.

Game seed: 16043110526856045075

35 Malachi the Grave Robber (level 3, 0/24 HPs)
             Began as a Vampire Necromancer on Aug 25, 2021.
             Slain by a goblin (5 damage)
             ... led by Robin
             ... on level 2 of the Dungeon.
             The game lasted 00:02:04 (1255 turns).

Malachi the Grave Robber (Vampire Necromancer)      Turns: 1255, Time: 00:02:05

Health: 0/24       AC:  2    Str:  7    XL:     3   Next: 17%
Magic:  3/6        EV: 12    Int: 18    God:
Gold:   33         SH:  0    Dex: 14    Spells: 3/7 levels left

rFire    . . .     SeeInvis +   b - +0 dagger (venom)
rCold    . . .     Faith    .   (no shield)
rNeg     . . .     Spirit   .   a - +0 robe
rPois    +         Reflect  .   (no helmet)
rElec    .         Harm     .   (no cloak)
rCorr    .         Rampage  .   (no gloves)
Will     .....                  (no boots)
Stlth    ++........             (no amulet)
HPRegen  0.28/turn              d - ring of poison resistance
MPRegen  0.10/turn              (no ring)

@: very slightly contaminated, healing quickly
A: alive, fangs 3, see invisible, vampiric 2
a: Exsanguinate


You were on level 2 of the Dungeon.
You visited 1 branch of the dungeon, and saw 2 of its levels.

You collected 33 gold pieces.

Inventory:

Hand Weapons
 b - a +0 dagger of venom (weapon)
Armour
 a - a +0 robe (worn)
Jewellery
 d - a ring of poison resistance (left hand)
Scrolls
 c - a scroll of identify
 f - a scroll of amnesia {unknown}
 g - a scroll of teleportation {unknown}
Potions
 e - a potion of brilliance


   Skills:
 + Level 2.2 Dodging
 + Level 3.2 Stealth
 + Level 2.5 Spellcasting
 * Level 5.1 Necromancy


You had 3 spell levels left.
You knew the following spells:

 Your Spells              Type           Power      Damage    Failure   Level
a - Pain                  Necr           80%        1d8       1%          1
b - Vampiric Draining     Necr           10%        2d7       6%          3

Your spell library contained the following spells:

 Spells                   Type           Power      Damage    Failure   Level
 Animate Skeleton         Necr           40%        N/A       1%          1
 Animate Dead             Necr           10%        N/A       21%         4
 Agony                    Necr           20%        N/A       50%         5


Dungeon Overview and Level Annotations

Branches:
Dungeon (2/15)

Altars:

Annotations:
D:2 Robin


Innate Abilities, Weirdness & Mutations

Your natural rate of healing is accelerated.
You have razor-sharp teeth.
You have supernaturally acute eyesight. (SInv)
You are afflicted with vampirism and can become a bat while bloodless.


Message History

Unknown command.
You hit the goblin. You bite the goblin.
You kill the goblin!
A goblin comes into view. It is wielding a +0 dagger.
Robin roars a battlecry!
The goblins go into a battle-frenzy!
The goblin hits you but does no damage.
You hit the goblin but do no damage.
The goblin is moderately wounded.
You kill the goblin!
A goblin comes into view. It is wielding a +0 dagger.
You hit the goblin but do no damage.
The goblin is poisoned.
Robin throws the goblin at you! The goblin hits you with a +0 club.
You hit the goblin but do no damage.
The goblin looks as sick as possible!
The goblin hits you but does no damage. The goblin misses you.
You closely miss the goblin.
The goblin is moderately wounded.
The goblin hits you with a +0 dagger.
* * * LOW HITPOINT WARNING * * *
The goblin hits you with a +0 club.
* * * LOW HITPOINT WARNING * * *
Casting: Pain (safe; 1% risk of failure)
Confirm with . or Enter, or press ? or * to list all spells.
The spell is quite dangerous to cast (6% risk of failure)!
Continue anyway?
Aiming: Vampiric Draining (quite dangerous; 6% risk of failure)
Press: ? - help, Shift-Dir - straight line, f - goblin
Aim: a goblin, wielding a +0 club (severely wounded, strong, extremely poisoned)
You miscast Vampiric Draining.
You are very lightly contaminated with residual magic.
Nothing appears to happen.
You kill the goblin!
The goblin closely misses you.
Robin drinks a potion.
Robin suddenly seems more resistant.
Casting: Vampiric Draining (quite dangerous; 6% risk of failure)
Confirm with . or Enter, or press ? or * to list all spells.
The spell is quite dangerous to cast (6% risk of failure)!
Continue anyway?
Okay, then.
Unknown command.
You miss the goblin. The goblin hits you with a +0 dagger.
You die... ########..# .>+ ..........# .g# #########.# gg# ###########.# ♣.♣ #...........# gg#

#.###########
♣g♣ #.# #g#
#.# ♣@♣ #.#
#g# #.# ♣.♣
#.# #.# #.#
♣.♣ #.#
#.####.##
♣.♣†....#
#...#####
#####


You could see Robin (resistant), 2 hobgoblins and 5 goblins.

Vanquished Creatures
  3 endoplasms (D:1)
  2 giant cockroaches (D:1)
  4 hobgoblins
  4 kobolds (D:1)
  2 quokkas (D:1)
  3 ball pythons
  6 bats
  2 frilled lizards
  7 goblins
33 creatures vanquished.

Notes
Turn   | Place    | Note
-------+----------+-------------------------------------------
     0 | D:1      | Malachi the Vampire Necromancer began the quest for the
                  | Orb.
     0 | D:1      | Reached XP level 1. HP: 13/13 MP: 3/3
   400 | D:1      | Reached XP level 2. HP: 19/19 MP: 3/5
   705 | D:1      | Reached skill level 5 in Necromancy
   966 | D:1      | Gained mutation: You are afflicted with vampirism and can
                  | become a bat while bloodless. [Vampire growth]
   966 | D:1      | Reached XP level 3. HP: 21/24 MP: 4/6
  1107 | D:2      | Learned a level 3 spell: Vampiric Draining
  1246 | D:2      | Noticed Robin
  1255 | D:2      | Slain by a goblin

Illustrated notes

Levels and vault maps discovered:
D:1:      moated_graveyard_arrival, layout_rooms, roderic_serpentine_path
D:2:      layout_basic, serial_forest, infiniplex_forest_clump_tiny,
          infiniplex_forest_lined_2, infiniplex_forest_end_3,
          infiniplex_forest_end_2, infiniplex_forest_lined_3,
          infiniplex_forest_clump_small, infiniplex_forest_corner_2,
          ebering_ecumenical_altar_abandoned, basic_altar,
          minmay_divided_ellipse, uniq_robin

Skill      XL: |  1  2 |
---------------+-------+-----
Necromancy     | 5 |  5.1
Dodging        | |  2.2
Stealth        | |  3.2
Spellcasting   | |  2.5

Action                   || total
-------------------------++-------
Melee: Unarmed           ||     3
       Dagger            ||    22
       Bite              ||     2
 Cast: Pain              ||    42
  Use: Scroll            ||     2
 Stab: Sleeping          ||     3
Armor: Robe              ||     9
Dodge: Dodged            ||    26
